 Dungeon Crawl Stone Soup version 0.31-a0-1308-ga3cce3a448 (webtiles) character file.

Game seed: 11437422927056649696

297 croobank the Chiller (level 5, -3/38 HPs)
             Began as a Demigod Ice Elementalist on Dec 20, 2023.
             Slain by a phantom (4 damage)
             ... on level 4 of the Dungeon.
             The game lasted 00:10:27 (3624 turns).

croobank the Chiller (Demigod Ice Elementalist)     Turns: 3624, Time: 00:10:27

Health: -3/38      AC:  2    Str:  9    XL:     5   Next: 87%
Magic:  16/21      EV: 13    Int: 21    God:
Gold:   194        SH:  0    Dex: 14    Spells: 3/10 levels left

rFire   . . .        e - +0 short sword
rCold   . . .        (no shield)
rNeg    . . .        a - +0 robe
rPois   .            (no helmet)
rElec   .            (no cloak)
rCorr   +            (no gloves)
SInv    .            (no boots)
Will    .....        f - amulet of magic regeneration
Stlth   ++           i - ring of magical power
HPRegen 0.26/turn    t - ring of resist corrosion
MPRegen 0.57/turn

%: no passive effects
@: invisible
A: high MP 1, forlorn, divine attributes
a: no special abilities


You were on level 4 of the Dungeon.
You visited 1 branch of the dungeon, and saw 4 of its levels.

You collected 194 gold pieces.

Inventory:

Hand Weapons
 e - a +0 short sword (weapon)
 n - a +0 dagger of electrocution
Missiles
 c - 4 curare-tipped darts
 j - 6 javelins
 k - 3 poisoned darts
 m - 5 boomerangs
Armour
 a - a +0 robe (worn)
Jewellery
 f - an amulet of magic regeneration (around neck)
 i - a ring of magical power (left hand)
 t - a ring of resist corrosion (right hand)
Wands
 s - a wand of mindburst (20)
Scrolls
 g - a scroll of teleportation
Potions
 b - a potion of magic
 d - 2 potions of enlightenment
 q - a potion of mutation {unknown}
 r - a potion of degeneration {unknown}


   Skills:
 + Level 3.2 Dodging
 + Level 3.5 Stealth
 + Level 3.1 Spellcasting
 + Level 4.6 Ice Magic


You had 3 spell levels left.
You knew the following spells:

 Your Spells              Type           Power      Damage    Failure   Level
a - Freeze                Ice            88%        1d9       1%          1
b - Frozen Ramparts       Ice            44%        1d7       6%          3
c - Ozocubu's Armour      Ice            22%        N/A       6%          3

Your spell library contained the following spells:

 Spells                   Type           Power      Damage    Failure   Level
 Summon Ice Beast         Ice/Summ       12%        N/A       45%         4


Dungeon Overview and Level Annotations

Branches:
Dungeon (4/15)             Temple (0/1) D:4

Annotations:
D:3 2 runed translucent doors, timneilson's ghost, amateur GrFi
D:4 3 runed translucent doors


Innate Abilities, Weirdness & Mutations

You have an increased reservoir of magic. (+10% MP)
You shall have no god before yourself.
Your divine heritage dramatically boosts your attributes as you level up.


Message History

Confirm with . or Enter, or press ? or * to list all spells.
Your icy armour thickens.
The wall freezes the phantom but does no damage.
The phantom closely misses you.
You hit the phantom.
The phantom is almost destroyed.
The wall freezes the phantom but does no damage.
The phantom closely misses you.
You closely miss the phantom.
The phantom is almost destroyed.
The wall freezes the phantom but does no damage.
The phantom hits you.
You hit the phantom.
The phantom is almost destroyed.
The wall freezes the phantom but does no damage.
The phantom hits you but does no damage.
You closely miss the phantom.
The phantom is almost destroyed.
The phantom resists.
The wall freezes the phantom.
The phantom hits you.
* * * LOW HITPOINT WARNING * * *
You barely miss the phantom.
The phantom is almost destroyed.
The frozen ramparts melt away.
The phantom hits you.
* * * LOW HITPOINT WARNING * * *
The phantom blinks!
You blink.
Your icy armour cracks and falls away as you move.
Okay, then.
As you read the scroll labelled MAM TUOSONE, it crumbles to dust.
It is a scroll of amnesia.
Okay, then.
The phantom closely misses you.
Your magical contamination has completely faded away.
It was a potion of cancellation.
You feel magically purged. The phantom hits you.
* * * LOW HITPOINT WARNING * * *
The phantom blinks!
You blink.
It was a potion of invisibility.
You fade into invisibility!
The phantom hits you.
You die...

......#.##.#...
#......W.#.##
#.##..##.....
###.##.....##.>
.........#.....
###.###..#.#.##
....###....#... #
....g...#....##..#..
....###.#§##@......#
g......)§..W.#.##...
..#####.##...#...
#...)..$.....
#####..... ...
###### ##


You could see a phantom (unable to see you).

Vanquished Creatures
  Sigmund (D:3)
  An orc wizard (D:3)
  2 adders (D:2)
  2 worms
  2 dart slugs (D:1)
  3 orcs (D:3)
  6 ball pythons
  4 endoplasms
  3 giant cockroaches
  7 hobgoblins
  4 jackals (D:3)
  3 quokkas
  5 bats
  5 frilled lizards
  7 goblins
  8 kobolds
  8 rats
71 creatures vanquished.

Notes
Turn   | Place    | Note
-------+----------+-------------------------------------------
     0 | D:1      | croobank the Demigod Ice Elementalist began the quest for
                  | the Orb.
     0 | D:1      | Reached XP level 1. HP: 14/14 MP: 5/5
   225 | D:1      | Reached XP level 2. HP: 20/20 MP: 5/7
  1135 | D:1      | Reached XP level 3. HP: 26/26 MP: 6/8
  1139 | D:1      | Learned a level 3 spell: Frozen Ramparts
  1670 | D:2      | Reached skill level 4 in Ice Magic
  2766 | D:3      | Reached XP level 4. HP: 32/32 MP: 6/10
  2775 | D:3      | Learned a level 3 spell: Ozocubu's Armour
  2788 | D:3      | Identified the +0 ring mail of Tenacity {Rampage}
  2849 | D:3      | Found a large runed translucent door.
  2850 | D:3      | Found a large runed translucent door.
  2852 | D:3      | Noticed timneilson's ghost (amateur GrFi)
  2986 | D:3      | Noticed Sigmund
  2997 | D:3      | Killed Sigmund
  2998 | D:3      | Reached XP level 5. HP: 16/38 MP: 4/12
  3527 | D:4      | Found a runed translucent gate.
  3527 | D:4      | Found a runed translucent gate.
  3527 | D:4      | Found a runed translucent gate.
  3577 | D:4      | Found a staircase to the Ecumenical Temple.
  3623 | D:4      | HP: 1/38 [phantom (5)]
  3624 | D:4      | Slain by a phantom

Illustrated notes

Levels and vault maps discovered:
D:1:      dpeg_arrival_boxorama, layout_basic, hex_large,
          corexii_item_surrounded_by_moat, kennysheep_nondescript,
          minmay_misc_feat_encased, st_stairs_14
D:2:      layout_basic, hellmonk_ecumenical_altar_heavens_door,
          minmay_misc_feat_plants
D:3:      layout_loops_ring, ebering_ghost_disaster_area, uniq_sigmund
D:4:      layout_rooms, grunt_temple_overflow_diamond,
          minmay_temple_entry_ruins, gammafunk_ghost_icy

Skill      XL: |  1  2  3  4 |
---------------+-------------+-----
Dodging        | 2 3 |  3.2
Stealth        | 2 3 |  3.5
Spellcasting   | 2 3 |  3.1
Ice Magic      | 4 |  4.6

Action                     |  1- 3 |  4- 6 || total
---------------------------+-------+-------++-------
  Melee: Unarmed           |     1 |       ||     1
         Short sword       |    13 |    39 ||    52
   Cast: Freeze            |    49 |     7 ||    56
         Frozen Ramparts   |    20 |    12 ||    32
         Ozocubu's Armour  |       |     7 ||     7
    Use: Scroll            |       |     5 ||     5
         Potion            |       |     3 ||     3
   Stab: Sleeping          |     1 |     1 ||     2
 Armour: Robe              |    16 |    23 ||    39
         Skin              |       |    23 ||    23
  Dodge: Dodged            |    27 |    19 ||    46

Table legend: (Time is in decaauts)
 A = Elapsed time spent in this place.
 B = Non-inter-level travel time spent in this place.
 C = Inter-level travel time spent in this place.
 D = Time resting spent in this place.
 E = Time spent auto-exploring this place.
 F = Levels seen in this place.
 G = Mean time per level.
                   A        B        C        D        E       F      G
               +--------+--------+--------+--------+--------+-----+--------+
         Total |   3621 |   3512 |    109 |    253 |   2621 |   4 |  905.2 |
       Dungeon |   3621 |   3512 |    109 |    253 |   2621 |   4 |  905.2 |
               +--------+--------+--------+--------+--------+-----+--------+

Top non-repeatable levels by time:
     D:2: 1451 daAuts
     D:1: 1214 daAuts
     D:3: 850 daAuts
     D:4: 104 daAuts
